AoeStats
← Lord Malbec

Nomad

509765792Analyzed
4v4 RM · 6d ago on Sep 27, 2026· 56m 55s· 8 players
Game mode
Random Map
Map size
231×231
Population
200
Speed
Normal
Resources
Standard
Victory
Conquest
Starting age
Dark Age
Ending age
Imperial Age
RankedLock teamsTeams togetherTeam positionsShared explorationLock speedFull tech treeHidden civsTurbo modeCheats
Victory
Defeat
🇦🇷 Slavs · Argentina
856
+12
🇪🇸 Huns · Spain
795
+15
🇦🇷 Persians · Argentina
778
+15
🇩🇰 Franks · Denmark
727
+17
🇲🇽 Bohemians · Mexico
803
-16
🇵🇱 Burgundians · Poland
768
-15
🇲🇽 Magyars · Mexico
751
-14
🇲🇽 Lithuanians · Mexico
745
-14
3GUR3N
7:20 Loom
18:34 Feudal Age
19:05 Town Watch
21:14 Double-Bit Axe
21:27 Horse Collar
21:40 Man-at-Arms
22:06 Arson
26:38 Wheelbarrow
25:58 Gold Mining
26:21 Forging
26:12 Scale Mail Armor
33:19 Castle Age
31:13 Fishing Lines
33:16 Long Swordsman
33:19 Pikeman
34:02 Squires
33:49 Gambesons
34:57 Chain Mail Armor
41:05 Hand Cart
40:51 Town Patrol
43:27 Kamandaran
43:06 Elite Skirmisher
44:45 Crossbowman
47:49 Thumb Ring
54:26 Imperial Age
52:34 Husbandry
52:45 Bloodlines
52:45 Scale Barding Armor
53:46 Fletching
53:57 Padded Archer Armor
54:33 Iron Casting
55:55 Conscription
55:48 Capped Ram
[PKT]Luixpozo
5:57 Loom
17:15 Feudal Age
23:10 Castle Age
27:40 Scale Barding Armor
27:48 Forging
30:15 Imperial Age
28:55 Horse Collar
29:07 Double-Bit Axe
29:49 Chain Barding Armor
30:05 Iron Casting
31:51 Cavalier
32:34 Husbandry
32:47 Bloodlines
34:18 Paladin
39:25 Blast Furnace
Kato
3:21 Loom
20:15 Feudal Age
21:51 Wheelbarrow
22:36 Gold Mining
31:13 Scale Barding Armor
31:19 Forging
33:18 Castle Age
31:04 Loom
34:01 Husbandry
35:24 Iron Casting
35:30 Iron Casting
35:20 Chain Barding Armor
40:50 Imperial Age
43:28 Cavalier
44:45 Iron Casting
44:11 Scale Mail Armor
45:23 Plate Barding Armor
46:21 Hoardings
47:25 Chivalry
51:48 Hand Cart
53:13 Paladin
56:53 Gold Shaft Mining
56:10 Double-Bit Axe
56:52 Masonry
57:44 Chemistry
57:04 Ballistics
56:43 Murder Holes
57:44 Bow Saw
Lord Malbec
18:38 Feudal Age
21:18 Wheelbarrow
21:15 Double-Bit Axe
20:53 Man-at-Arms
22:05 Gold Mining
22:29 Scale Mail Armor
23:05 Town Watch
23:12 Loom
25:11 Forging
25:50 Stone Mining
32:04 Castle Age
31:34 Scale Barding Armor
31:20 Fletching
33:27 Long Swordsman
34:08 Squires
34:29 Chain Mail Armor
35:00 Caravan
36:19 Hand Cart
39:56 Detinets
44:57 Imperial Age
45:56 Capped Ram
47:39 Conscription
47:52 Onager
47:56 Two-Handed Swordsman
49:19 Iron Casting
49:24 Champion
Eärendil
6:46 Loom
16:17 Feudal Age
16:46 Double-Bit Axe
18:20 Fishing Lines
46:54 Castle Age
45:31 Wheelbarrow
45:30 Town Watch
48:20 Wheelbarrow
48:56 Elite Skirmisher
51:39 Murder Holes
54:25 Ballistics
Arsaavedra23
17:31 Feudal Age
22:15 Castle Age
22:26 Wheelbarrow
21:37 Fishing Lines
25:41 Double-Bit Axe
25:47 Horse Collar
29:33 Gold Mining
29:49 Heavy Plow
30:05 Bow Saw
31:09 Thumb Ring
33:22 Fletching
37:54 Imperial Age
36:03 Bodkin Arrow
36:38 Stone Mining
37:48 Padded Archer Armor
38:44 Hand Cart
39:04 Parthian Tactics
38:11 Heavy Cavalry Archer
39:50 Bracer
39:58 Scale Barding Armor
40:26 Ballistics
39:47 Treadmill Crane
42:27 Conscription
45:17 Leather Archer Armor
46:30 Gold Shaft Mining
51:43 Chain Barding Armor
51:54 Ring Archer Armor
TheAdriRyu
18:44 Feudal Age
19:18 Double-Bit Axe
20:11 Wheelbarrow
20:38 Town Watch
25:30 Man-at-Arms
29:29 Castle Age
28:25 Forging
29:16 Scale Mail Armor
29:47 Long Swordsman
30:32 Squires
31:53 Iron Casting
36:29 Chain Mail Armor
37:28 Bow Saw
41:16 Imperial Age
40:01 Gold Mining
40:08 Stone Mining
ZigzagSinger667
22:13 Feudal Age
24:46 Man-at-Arms
30:09 Man-at-Arms
33:05 Castle Age
40:33 Pikeman
42:27 Cavalier
Connection lost

Rejoining the realm…

Still unreachable

The connection could not be restored.

Session expired

The server has moved on; the page needs a fresh start.